 Dungeon Sprint DCSS version 0.31-a0-879-g1609e0ac53 (webtiles) character file.

Game seed: 9385712585326610080

230 rocky1 the Slasher (level 5, 0/43 HPs)
             Began as a Demonspawn Gladiator on Oct 15, 2023.
             Succumbed to a scorpion's poison
             ... in the Dungeon (Sprint II: "The Violet Keep of Menkaure").
             The game lasted 00:00:40 (36 turns).

rocky1 the Slasher (Demonspawn Gladiator)             Turns: 36, Time: 00:00:40

Health: 0/43       AC:  4    Str: 14    XL:     5   Next: 72%
Magic:  5/5        EV: 15    Int: 10    God:
Gold:   0          SH:  0    Dex: 16    Spells: 4/4 levels left

rFire   . . .        a - +0 long sword
rCold   . . .        (no shield)
rNeg    . . .        b - +0 leather armour
rPois   .            c - +0 helmet
rElec   .            (no cloak)
rCorr   .            (no gloves)
SInv    .            (no boots)
Will    .....        (no amulet)
Stlth   +            (no ring)
HPRegen 0.27/turn    (no ring)
MPRegen 0.09/turn

%: no teleportation
@: lethally poisoned (0 -> -3), on berserk cooldown, slowed, very slow
A: ignite blood 1, demonic magic 1
a: no special abilities


You were in the Dungeon.
You visited 1 branch

Inventory:

Hand Weapons
 a - a +0 long sword (weapon)
Missiles
 d - 3 throwing nets (quivered)
 e - a javelin
Armour
 b - a +0 leather armour (worn)
 c - a +0 helmet (worn)
Scrolls
 k - a scroll of blinking
Potions
 h - a potion of haste
 i - 2 potions of magic


   Skills:
 + Level 4.8 Fighting
 + Level 7.4 Long Blades
 - Level 3.6 Throwing
 + Level 0.7 Armour
 + Level 7.0 Dodging


You had 4 spell levels left.
You didn't know any spells.
Your spell library was empty.

Dungeon Overview and Level Annotations

Branches:
Dungeon (1/1)

Altars:


Innate Abilities, Weirdness & Mutations

Your demonic aura sometimes causes spilled blood to erupt in flames.
Spells you cast may paralyse adjacent enemies.


Message History

You hit the scorpion.
You kill the scorpion!
The scorpion stings you but does no damage.
Your Fighting skill increases to level 4!
Your Long Blades skill increases to level 6!
Your Dodging skill increases to level 6!
You have reached level 5!
You barely miss the scorpion. The scorpion stings you.
You are poisoned.
The scorpion poisons you! The scorpion closely misses you.
You hit the scorpion.
The scorpion is moderately wounded.
You feel very sick. The scorpion barely misses you. The scorpion stings you!
You are more poisoned.
The scorpion poisons you!
You hit the scorpion but do no damage.
The scorpion is moderately wounded.
You feel very sick. The scorpion misses you. The scorpion closely misses you.
You closely miss the scorpion.
The scorpion is moderately wounded.
You feel very sick. The scorpion stings you. The scorpion barely misses you.
You slash the scorpion!
The scorpion is severely wounded.
You feel very sick. The scorpion misses you.
You closely miss the scorpion.
The scorpion is severely wounded.
You feel sick. The scorpion stings you!
* * * LOW HITPOINT WARNING * * *
The scorpion closely misses you.
You slash the scorpion!
You kill the scorpion!
* * * LOW HITPOINT WARNING * * *
You feel sick.
Your Long Blades skill increases to level 7!
Your Dodging skill increases to level 7!
You die...

# #+# .##
##.##B.$#
+.<.+#
##.##.B.#
#†# .##
#@# #
#..#..#
##. .##
## ##


There were no monsters in sight!

Vanquished Creatures
  4 scorpions (D)
4 creatures vanquished.

Notes
Turn   | Place    | Note
-------+----------+-------------------------------------------
     0 | D        | rocky1 the Demonspawn Gladiator began the quest for the
                  | Orb.
     0 | D        | Reached XP level 1. HP: 16/16 MP: 1/1
     1 | D        | Noticed a boulder beetle
     1 | D        | Noticed a boulder beetle
     5 | D        | Noticed a scorpion
     5 | D        | Noticed a scorpion
    11 | D        | Killed a scorpion
    12 | D        | Gained mutation: Spells you cast may paralyse adjacent
                  | enemies. [demonic ancestry]
    12 | D        | Reached XP level 2. HP: 16/24 MP: 2/2
    12 | D        | Reached XP level 3. HP: 19/29 MP: 3/3
    12 | D        | Killed a scorpion
    13 | D        | Reached skill level 5 in Long Blades
    13 | D        | Reached skill level 5 in Dodging
    13 | D        | Gained mutation: Your demonic aura sometimes causes spilled
                  | blood to erupt in flames. [demonic ancestry]
    13 | D        | Reached XP level 4. HP: 22/37 MP: 4/4
    14 | D        | Noticed a scorpion
    14 | D        | Noticed a scorpion
    28 | D        | Killed a scorpion
    29 | D        | Reached XP level 5. HP: 37/43 MP: 5/5
    34 | D        | HP: 2/43 [scorpion (7)]
    36 | D        | Succumbed to a scorpion's poison

Illustrated notes

Levels and vault maps discovered:
D:        the_violet_keep_of_menkaure [sprint2_stairs_cluster_1,
          sprint2_shoproom, sprint2_temple, sprint2_basic_supplies,
          sprint2_obstacle_6, sprint2_obstacle_2, sprint2_obstacle_4,
          sprint2_obstacle_3, sprint2_obstacle_7, sprint2_timed_cluster_1,
          sprint2_smallroom_cluster_1, sprint2_smallroom_final_cluster_1,
          sprint2_transparent_cluster_1, sprint2_second_timed_cluster_1,
          sprint2_sniper_area_1, sprint2_heavy_combat_area_1,
          sprint2_mutation_trap_area_1, sprint2_forest_area_1,
          sprint2_light_combat_area_1, sprint2_behind_water_1,
          sprint2_near_end_vault_1]

Skill      XL: |  1  2  3  4  5 |
---------------+----------------+-----
Fighting       | 3 4 |  4.8
Long Blades    | 4 5 6 7 |  7.4
Throwing       | 2 3 |  3.6
Dodging        | 4 5 6 7 |  7.0
Armour         | |  0.7

Action                     |  1- 3 |  4- 6 || total
---------------------------+-------+-------++-------
  Melee: Long sword        |     5 |    18 ||    23
    Use: Potion            |     1 |     2 ||     3
 Armour: Leather armour    |     2 |    12 ||    14
  Dodge: Dodged            |     1 |    23 ||    24

Table legend: (Time is in decaauts)
 A = Elapsed time spent in this place.
 B = Non-inter-level travel time spent in this place.
 C = Inter-level travel time spent in this place.
 D = Time resting spent in this place.
 E = Time spent auto-exploring this place.
 F = Levels seen in this place.
 G = Mean time per level.
                   A        B        C        D        E       F      G
               +--------+--------+--------+--------+--------+-----+--------+
         Total |     46 |     46 |      0 |      0 |      0 |   1 |   46.0 |
       Dungeon |     46 |     46 |      0 |      0 |      0 |   1 |   46.0 |
               +--------+--------+--------+--------+--------+-----+--------+

Top non-repeatable levels by time:
       D: 46 daAuts
